 Dungeon Crawl Stone Soup version 0.17-a0-2069-g0f4ee5b (webtiles) character file.

174 radek the Conjurer (level 5, -2/28 HPs)
             Began as a Deep Elf Conjurer on Oct 13, 2015.
             Slain by an orc
             ... wielding a +0 trident
              (10 damage)
             ... on level 4 of the Dungeon.
             The game lasted 00:18:33 (3517 turns).

radek the Conjurer (Deep Elf Conjurer)              Turns: 3517, Time: 00:18:33

Health: -2/28      AC:  3    Str:  5    XL:     5   Next: 28%
Magic:  6/11       EV: 13    Int: 21    God:
Gold:   203        SH:  0    Dex: 15    Spells: 2 memorised, 4 levels left

rFire  . . .     SeeInvis .     f - +0 dagger (drain)
rCold  . . .     Clarity  .     a - +1 robe
rNeg   . . .     SustAt   .     (no shield)
rPois  .         Gourm    .     (no helmet)
rElec  .         Spirit   .     (no cloak)
rCorr  .         Warding  .     (no gloves)
rMut   .         Stasis   .     (no boots)
MR     .....                    (no amulet)
Stlth  ++........               (no ring)
                                (no ring)

@: not resistant to hostile enchantments, unstealthy
A: no striking features
a: no special abilities


You were on level 4 of the Dungeon.
You were not hungry.

You visited 2 branches of the dungeon, and saw 6 of its levels.

You collected 203 gold pieces.

Inventory:

Hand Weapons
 f - a +0 dagger of draining (weapon)
Missiles
 p - 3 javelins (quivered)
Armour
 a - a +1 robe (worn)
Jewellery
 r - an uncursed ring of loudness
Scrolls
 j - 6 scrolls of identify {unknown}
 k - a scroll of teleportation {unknown}
 m - a scroll of noise {unknown}
 o - a scroll of remove curse
 s - a scroll of immolation {unknown}
Potions
 d - a potion of agility {unknown}
 e - a potion of lignification {unknown}
 g - 2 potions of might {unknown}
 h - 2 potions of heal wounds {unknown}
 l - a potion of resistance {unknown}
 n - a potion of curing {unknown}
Books
 b - a book of Conjurations

   Spells                             Type                      Level
   a - Magic Dart                     Conjuration                  1
   b - Searing Ray                    Conjuration                  2
   c - Dazzling Spray                 Conjuration/Hexes            3
   d - Fulminant Prism                Conjuration/Hexes            4
   e - Iskenderun's Mystic Blast      Conjuration                  4
   f - Iskenderun's Battlesphere      Conjuration/Charms           5
Comestibles
 c - 3 bread rations
 i - 9 fruits
 q - a beef jerky
 t - 3 meat rations
 u - a slice of pizza


   Skills:
 - Level 2.4 Dodging
 - Level 2.4 Stealth
 - Level 3.0 Spellcasting
 - Level 7.2 Conjurations
 * Level 1.1 Charms


You had 4 spell levels left.
You knew the following spells:

 Your Spells              Type           Power        Failure   Level  Hunger
a - Magic Dart            Conj           ####         1%          1    None
b - Iskenderun's Battles  Conj/Chrm      ###.....     78%         5    ######.


Dungeon Overview and Level Annotations

Branches:
Dungeon (5/15)             Temple (1/1) D:4

Altars:
Ashenzari
Cheibriados
Elyvilon
Fedhas
Kikubaaqudgha
Makhleb
Nemelex Xobeh
Okawaru
Qazlal
Sif Muna
Trog
Xom
Zin


Message History

The orc hits you from afar with a trident.
* * * LOW HITPOINT WARNING * * *
Casting: Magic Dart
Confirm with . or Enter, or press ? or * to list all spells.
Aiming: Magic Dart
Press: ? - help, Shift-Dir - straight line, f - orc, p - orc
Aim: an orc, wielding a trident The magic dart hits the orc.
The orc is almost dead.
The orc barely misses you.
Casting: Magic Dart
Confirm with . or Enter, or press ? or * to list all spells.
Aiming: Magic Dart
Press: ? - help, Shift-Dir - straight line, f/p - orc
Aim: an orc, wielding a trident (almost dead)
The magic dart hits the orc.
You kill the orc!
Your Charms skill increases to level 1!
The orc hits you from afar with a trident!
You die...

##########
#.@......#
#........#
#...o)...##
#.........#
#######...# #...#
#...#
#######)..#########
.......>...........


You could see an orc.

Vanquished Creatures
  A scorpion (D:4)
  4 adders (D:2)
  A gnoll (D:1)
  2 oozes
  3 worms
  A giant gecko (D:4)
  5 orcs
  6 bats
  3 giant cockroaches
  10 goblins
  3 hobgoblins
  5 quokkas
  2 ball pythons
  2 giant newts (D:1)
  2 kobolds (D:2)
  6 rats
  A fungus (D:2)
57 creatures vanquished.

Vanquished Creatures (others)
  2 fungi (D:2)
2 creatures vanquished.

Grand Total: 59 creatures vanquished

Notes
Turn   | Place    | Note
--------------------------------------------------------------
     0 | D:1      | radek the Deep Elf Conjurer began the quest for the Orb.
     0 | D:1      | Reached XP level 1. HP: 10/10 MP: 6/6
    78 | D:1      | Reached skill level 5 in Conjurations
    78 | D:1      | Reached XP level 2. HP: 7/15 MP: 1/8
  1096 | D:2      | Reached XP level 3. HP: 15/19 MP: 0/9
  1255 | D:2      | Found a stormy altar of Qazlal.
  1329 | D:2      | Found a bloodstained altar of Trog.
  1796 | D:2      | Reached skill level 6 in Conjurations
  1823 | D:2      | Found an ancient bone altar of Kikubaaqudgha.
  1842 | D:2      | Reached XP level 4. HP: 24/24 MP: 6/10
  2740 | D:4      | Found a shattered altar of Ashenzari.
  2779 | D:4      | Found a staircase to the Ecumenical Temple.
  2785 | Temple   | Entered the Ecumenical Temple
  3182 | D:4      | Reached skill level 7 in Conjurations
  3182 | D:4      | Reached XP level 5. HP: 21/28 MP: 3/11
  3265 | D:4      | Learned a level 5 spell: Iskenderun's Battlesphere
  3390 | D:5      | Entered Level 5 of the Dungeon
  3516 | D:4      | Reached skill level 1 in Charms
  3517 | D:4      | Slain by an orc

Vault maps used:
D:1:      dpeg_arrival_rhombus, minmay_door_square, kennysheep_decorative_pillar
D:2:      overflow_temple_1_default, overflow_temple_1_default, first_bread,
          minmay_gold_behind_fungi, trog_three_pillars_becter
D:3:      nicolae_overflow_crystal_walls, minivault_11
D:4:      kennysheep_big_flooded_room, kennysheep_mini,
          minmay_temple_entry_fiery, serial_shops, shop_statue
D:5:      gup_sewer_entry_bowl
Temple:   jpeg_temple_clearing_9

Action                   |  1- 3 |  4- 6 || total
-------------------------+-------+-------++-------
Melee: Dagger            |    30 |       ||    30
 Cast: Magic Dart        |    77 |    82 ||   159
  Use: Scroll            |       |     4 ||     4
  Eat: Chunk             |     1 |     2 ||     3
       Pizza             |     1 |       ||     1
       Bread ration      |       |     1 ||     1
